AoeStats
← Dark | NotAdam

Arabian Desert

509702640Analyzed
1v1 RM · 4d ago on Sep 27, 2026· 36m 41s· 2 players
Game mode
Random Map
Map size
Tiny (2 player)
Population
200
Speed
Normal
Resources
Standard
Victory
Conquest
Starting age
Dark Age
Ending age
Imperial Age
RankedLock teamsTeams togetherTeam positionsShared explorationLock speedFull tech treeHidden civsTurbo modeCheats
Victory
Defeat
🇫🇷 Italians · France
2057
+17
🇲🇽 Jurchens · Mexico
2084
-17
Capout
6:22 Loom
8:48 Feudal Age
9:02 Man-at-Arms
14:40 Double-Bit Axe
15:18 Fletching
20:59 Castle Age
19:30 Gold Mining
19:33 Horse Collar
20:11 Padded Archer Armor
21:02 Crossbowman
21:39 Bodkin Arrow
23:10 Town Watch
28:54 Wheelbarrow
29:29 Bow Saw
32:10 Ballistics
34:50 Scale Barding Armor
Dark | NotAdam
6:32 Loom
8:49 Feudal Age
9:19 Double-Bit Axe
15:55 Fletching
16:57 Padded Archer Armor
24:07 Castle Age
22:46 Scale Barding Armor
22:51 Horse Collar
24:09 Crossbowman
24:45 Bodkin Arrow
25:48 Leather Archer Armor
25:35 Double-Bit Axe
27:49 Ballistics
29:27 Chain Barding Armor
34:57 Elite Skirmisher
Connection lost

Rejoining the realm…

Still unreachable

The connection could not be restored.

Session expired

The server has moved on; the page needs a fresh start.